 Dungeon Crawl Stone Soup version 0.27.1-34-g3ba077fa99 (webtiles) character file.

Game seed: 2699881339826672437

18 Descartes the Grasshopper (level 2, 0/13 HPs)
             Began as a Felid Warper on Jan 21, 2022.
             Slain by a jackal (2 damage)
             ... on level 1 of the Dungeon on Jan 22, 2022.
             The game lasted 00:02:12 (1043 turns).

Descartes the Grasshopper (Felid Warper)            Turns: 1043, Time: 00:02:13

Health: 0/13       AC:  1    Str:  7    XL:     2   Next: 51%
Magic:  6/6        EV: 18    Int: 14    God:
Gold:   28         SH:  0    Dex: 15    Spells: 5/5 levels left
                                        Lives:  0   Deaths: 0

rFire    . . .     SeeInvis +     - Unarmed
rCold    . . .     Faith    .   (shield unavailable)
rNeg     . . .     Spirit   .   (armour unavailable)
rPois    .         Reflect  .   (helmet unavailable)
rElec    .         Harm     .   (cloak unavailable)
rCorr    .         Rampage  .   (gloves unavailable)
Will     .....                  (boots unavailable)
Stlth    ++........             (no amulet)
HPRegen  0.04/turn              (no ring)
MPRegen  0.10/turn              (no ring)

@: quick
A: very small, claws 1, fangs 3, see invisible, speed 1, shaggy fur 1, stealthy
paws, no weapons or thrown items, no armour, multi-lived
a: no special abilities


You were on level 1 of the Dungeon.
You visited 1 branch of the dungeon, and saw 1 of its levels.

You collected 28 gold pieces.

Inventory:

Scrolls
 a - a scroll of blinking
 b - a scroll of identify {unknown}
 c - a scroll of enchant weapon {unknown}
 d - 2 scrolls of immolation {unknown}


   Skills:
 - Level 2.0 Fighting
 + Level 4.0 Dodging
 + Level 2.2 Stealth
 - Level 2.0 Unarmed Combat
 - Level 2.0 Spellcasting
 - Level 4.4 Translocations


You had 5 spell levels left.
You didn't know any spells.
Your spell library contained the following spells:

 Spells                   Type           Power      Damage    Failure   Level
 Blink                    Tloc           N/A        N/A       6%          2
 Gell's Gravitas          Tloc           6%         N/A       12%         3
 Lesser Beckoning         Tloc           6%         N/A       12%         3
 Teleport Other           Tloc           13%        N/A       12%         3
 Manifold Assault         Tloc           13%        N/A       73%         5


Dungeon Overview and Level Annotations

Branches:
Dungeon (1/15)

Altars:

Shops:
D:1 ((


Innate Abilities, Weirdness & Mutations

You have sharp claws.
You have razor-sharp teeth.
You have supernaturally acute eyesight. (SInv)
You cover ground quickly. (Speed+)
You are covered in fur. (AC +1)
Your paws help you pounce on unaware monsters.
You are incapable of wielding weapons or throwing items.
You cannot wear armour.
You gain extra lives every three experience levels.


Message History

You scratch the giant cockroach.
You kill the giant cockroach!
The jackal barely misses you. The jackal misses you. x2
Your Dodging skill increases to level 4!
You scratch the jackal but do no damage.
The jackal bites you. x2; The jackal barely misses you.
The jackal misses you. The jackal bites you. The jackal closely misses you.
You are too injured to fight recklessly!
You are too injured to fight recklessly!
You are too injured to fight recklessly!
You are too injured to fight recklessly!
You are too injured to fight recklessly!
You are too injured to fight recklessly!
You are too injured to fight recklessly!
You are too injured to fight recklessly!
The jackal misses you. The jackal completely misses you.
The jackal completely misses you. The jackal misses you.
You scratch the jackal.
The jackal is heavily wounded.
The jackal barely misses you.
You scratch the jackal.
The jackal is almost dead.
The jackal barely misses you. The jackal closely misses you.
The jackal completely misses you.
You see here a +0 dagger.
There is an open door here.
There is an entrance to Ycua's Antique Weapon Shop here.
The jackal barely misses you.
There is an open door here.
You scratch the jackal.
The jackal is moderately wounded.
The jackal bites you.
* * * LOW HITPOINT WARNING * * *
The jackal misses you.
You aren't carrying any potions.
The jackal bites you.
* * * LOW HITPOINT WARNING * * *
There is a stone staircase leading down here.
The jackal bites you.
You die...

####..##.# #†.####.###.#
#....## ## #..#..#.# #.#
##...##########.....#.###.#
...............#.#.##†....#
##+#.#########.#.#.....####
.'∩'.# #.#.#####.# ##h###
#...# #.# #..# ##..#####.#
#.########## #.h@......#
#...h.h..h.# #h#########
##########.# #.# #.###h#
#.h..## ######


You could see 2 jackals.

Vanquished Creatures
  2 dart slugs (D:1)
  3 bats (D:1)
  An endoplasm (D:1)
  2 giant cockroaches (D:1)
  2 goblins (D:1)
  A hobgoblin (D:1)
  A kobold (D:1)
  2 rats (D:1)
14 creatures vanquished.

Notes
Turn   | Place    | Note
-------+----------+-------------------------------------------
     0 | D:1      | Descartes the Felid Warper began the quest for the Orb.
     0 | D:1      | Reached XP level 1. HP: 9/9 MP: 4/4
   185 | D:1      | Reached skill level 1 in Stealth
   424 | D:1      | Found Ycua's Antique Weapon Shop.
   563 | D:1      | Reached XP level 2. HP: 13/13 MP: 6/6
   783 | D:1      | Found Iryuss's Weapon Shop.
  1043 | D:1      | Slain by a jackal

Illustrated notes

Levels and vault maps discovered:
D:1:      dpeg_arrival_subterranean_lakeside_camping, layout_basic,
          chequers_ecumenical_altar_lobes, serial_shops,
          nicolae_shop_competitors_out_of_business, nicolae_shop_waterfront,
          nicolae_shop_statue_plus, nicolae_shop_behind_doors,
          nicolae_lakefront_shop, minmay_tetromino_l2

Skill      XL: |  1  2 |
---------------+-------+-----
Stealth        | 1 2 |  2.2
Dodging        | 4 |  4.0
Fighting       | |  2.0
Unarmed Combat | |  2.0
Spellcasting   | |  2.0
Translocations | |  4.4

Action                   || total
-------------------------++-------
Melee: Unarmed           ||    57
       Bite              ||     1
 Stab: Sleeping          ||     3
Armor: Skin              ||     4
Dodge: Dodged            ||    62
